 Dungeon Crawl Stone Soup version 0.24.0-13-gcf9b319 (webtiles) character file.

Game seed: 2771067680727972706, levelgen mode: deterministic

182 Fang the Skirmisher (level 5, 0/34 HPs)
             Began as a Gargoyle Fighter on Jan 2, 2020.
             Slain by Crazy Yiuf
             ... wielding a +3 quarterstaff of chaos
              (7 damage)
             ... on level 3 of the Dungeon.
             The game lasted 00:02:48 (2379 turns).

Fang the Skirmisher (Gargoyle Fighter)              Turns: 2379, Time: 00:02:48

Health: 0/34       AC: 13    Str: 26    XL:     5   Next: 62%
Magic:  5/5        EV:  6    Int:  8    God:
Gold:   140        SH: 10    Dex:  9    Spells: 4/4 levels left

rFire    + . .     SeeInvis +   a - +0 war axe
rCold    . . .     Gourm    .   B - +0 shield
rNeg     + . .     Faith    .   b - +0 chain mail
rPois    ∞         Spirit   .   (no helmet)
rElec    +         Reflect  .   (no cloak)
rCorr    .         Harm     .   (no gloves)
MR       .....                  (no boots)
Stlth    ..........             (no amulet)
HPRegen  0.11/turn              h - ring of see invisible
MPRegen  0.09/turn              l - ring of protection from fire

@: mighty, slowed, very slow
A: negative energy resistance 1, electricity resistance, unbreathing,
petrification resistance, rot immunity, AC +4
a: no special abilities


You were on level 3 of the Dungeon.
You were very hungry.

You visited 1 branch of the dungeon, and saw 3 of its levels.

You collected 140 gold pieces.

Inventory:

Hand Weapons
 a - a +0 war axe (weapon)
Armour
 b - a +0 chain mail (worn)
 B - a +0 shield (worn)
Jewellery
 h - a ring of see invisible (left hand)
 l - a ring of protection from fire (right hand)
Scrolls
 e - a scroll of remove curse {unknown}
 f - a scroll of fear {unknown}
 i - a scroll of blinking {unknown}
 j - 2 scrolls of fog {unknown}
 k - 2 scrolls of identify {unknown}
 n - 5 scrolls of teleportation {unknown}
 p - a scroll of enchant weapon {unknown}
Potions
 m - a potion of curing {unknown}
 o - a potion of agility {unknown}
 q - a potion of heal wounds {unknown}
Comestibles
 c - 6 rations


   Skills:
 + Level 4.4 Fighting
 + Level 2.9 Axes
 + Level 4.4 Armour
 + Level 4.3 Shields


You had 4 spell levels left.
You didn't know any spells.
Your spell library was empty.

Dungeon Overview and Level Annotations

Branches:
Dungeon (3/15)

Altars:
Gozag
Sif Muna

Annotations:
D:3 Crazy Yiuf


Innate Abilities, Weirdness & Mutations

You are resistant to torment.
Your stone body is resilient. (AC +4)
You are immune to poison.
You resist negative energy. (rN+)
You are resistant to electric shocks. (rElec)
You can survive without breathing.
You are immune to petrification.
You are immune to rotting.


Message History

You are too injured to fight recklessly!
Your shield and chain mail prevent you from hitting Crazy Yiuf.
Crazy Yiuf hits you but does no damage.
You suddenly lose the ability to move!
Crazy Yiuf hits you but does no damage. x2
You feel yourself slow down.
Crazy Yiuf hits you but does no damage. x2
Crazy Yiuf hits you with a +3 quarterstaff of chaos.
Crazy Yiuf freezes you. Crazy Yiuf barely misses you.
You can move again.
You slash Crazy Yiuf!
Crazy Yiuf is heavily wounded.
Crazy Yiuf hits you with a +3 quarterstaff of chaos.
* * * LOW HITPOINT WARNING * * *
You block Crazy Yiuf's attack.
Unknown command.
Your shield and chain mail prevent you from hitting Crazy Yiuf.
Crazy Yiuf is heavily wounded.
Crazy Yiuf hits you with a +3 quarterstaff of chaos!
You die...

####### ####♣♣ #### #####......
#####....♣♣ ♣♣#..)# #..........
#.........♣♣♣♣.@g..# ##........#
#.###......♣..♣#...# #<###.###.#
#.# ##....♣.♣♣♣ #### #.# #.###.#
#.# ###♣♣♣♣♣ #.# #..♣#♣. #<# #.#
#...... #.# #############.#
#.#♣#♣. #.##
##.##..........###.###..
#..######...##.#.##.............
##........#......##...♣♣♣♣♣♣♣♣#.


You could see Crazy Yiuf.

Vanquished Creatures
  Ijyb (D:3)
  4 gnolls
  6 adders
  A worm (D:2)
  2 dart slugs
  2 leopard geckos
  3 bats
  A giant cockroach (D:2)
  9 goblins
  7 hobgoblins
  2 jackals (D:3)
  9 kobolds
  2 quokkas
  4 ball pythons
  2 frilled lizards
  2 rats
57 creatures vanquished.

Notes
Turn   | Place    | Note
-------+----------+-------------------------------------------
     0 | D:1      | Fang the Gargoyle Fighter began the quest for the Orb.
     0 | D:1      | Reached XP level 1. HP: 14/14 MP: 1/1
   111 | D:1      | Reached XP level 2. HP: 13/19 MP: 2/2
   719 | D:2      | Reached XP level 3. HP: 23/24 MP: 3/3
   835 | D:2      | Found a shimmering blue altar of Sif Muna.
  1232 | D:3      | Reached XP level 4. HP: 29/29 MP: 4/4
  1579 | D:3      | Reached XP level 5. HP: 31/33 MP: 5/5
  1652 | D:3      | Noticed Ijyb
  1692 | D:3      | Killed Ijyb
  2114 | D:3      | Found an opulent altar of Gozag.
  2215 | D:3      | Found a runed translucent door.
  2216 | D:3      | Noticed Crazy Yiuf
  2371 | D:3      | Paralysed by Crazy Yiuf for 7 turns
  2379 | D:3      | Slain by Crazy Yiuf

Levels and vault maps discovered:
D:1:      sevenhm_arrival_forest_fort_small_5, layout_rooms
D:2:      layout_rooms, nicolae_overflow_hidden_temple, minmay_diced_spiral
D:3:      layout_loops_ring, grunt_gozag_statues, serial_forest,
          infiniplex_forest_lined_2, infiniplex_forest_split,
          infiniplex_forest_lined_4_way, infiniplex_forest_zigzag_1,
          infiniplex_forest_lined_room_2, infiniplex_forest_lined_room_3,
          infiniplex_forest_corner_1, first_ration, uniq_crazy_yiuf_cottage,
          uniq_ijyb

Skill      XL: |  1  2  3  4 |
---------------+-------------+-----
Axes           | 2 |  2.9
Fighting       | 4 |  4.4
Armour         | 4 |  4.4
Shields        | 4 |  4.3

Action                   |  1- 3 |  4- 6 || total
-------------------------+-------+-------++-------
Melee: War axe           |   103 |   114 ||   217
  Use: Potion            |       |     1 ||     1
  Eat: Chunk             |     1 |     3 ||     4
Armor: Scale mail        |    53 |    45 ||    98
       Chain mail        |       |    23 ||    23
Dodge: Dodged            |    15 |    47 ||    62
Block: Shield            |    48 |    89 ||   137
